 Dungeon Crawl Stone Soup version coffee-0.2.0 (webtiles) character file.

Game seed: 472931814392799446, levelgen mode: deterministic

222 Dorkslayer the Skirmisher (level 5, -7/55 HPs)
             Began as an Ogre Fighter on Oct 20, 2020.
             Was an Initiate of Okawaru.
             Mangled by Menkaure (18 damage)
             ... on level 4 of the Dungeon on Oct 21, 2020.
             The game lasted 00:08:40 (2625 turns).

Dorkslayer the Skirmisher (Ogre Fighter)            Turns: 2625, Time: 00:08:40

Health: -7/55      AC:  3    Str: 24    XL:     5   Next: 99%
Magic:  6/6        EV:  9    Int:  9    God:    Okawaru [......]
Gold:   179        SH:  9    Dex:  8    Spells: 4/4 levels left

rFire    . . .     SeeInvis .   a - +0 war axe
rCold    . . .     Gourm    .   c - +0 kite shield
rNeg     . . .     Faith    .   b - +0 robe
rPois    .         Spirit   .   (helmet restricted)
rElec    .         Reflect  .   (no cloak)
rCorr    .         Harm     .   (gloves unavailable)
MR       .....                  (boots unavailable)
Stlth    ++........             (no amulet)
HPRegen  0.18/turn              x - +3 ring of strength
MPRegen  0.10/turn              (no ring)

@: no status effects
A: large, unfitting armour, tough skin 1
a: Renounce Religion


You were on level 4 of the Dungeon.
You worshipped Okawaru.
Okawaru was noncommittal.
You were not hungry.

You visited 2 branches of the dungeon, and saw 5 of its levels.

You collected 179 gold pieces.

Inventory:

Hand Weapons
 a - a +0 war axe (weapon)
Missiles
 o - a throwing net (quivered)
 r - 34 poisoned darts
 s - 6 atropa-tipped darts
Armour
 b - a +0 robe (worn)
 c - a +0 kite shield (worn)
Jewellery
 x - a +3 ring of strength (left hand)
Wands
 e - a wand of flame (29)
 g - a wand of iceblast (8)
Scrolls
 h - 2 scrolls of fear
 i - 2 scrolls of summoning
 j - 4 scrolls of remove curse
 k - 2 scrolls of enchant armour
 n - a scroll of teleportation
 t - a scroll of enchant weapon
 u - 3 scrolls of fog
Potions
 l - a potion of heal wounds
 m - 2 potions of mutation
 p - a potion of curing
 w - a potion of stabbing
Miscellaneous
 q - a box of beasts
Comestibles
 d - 9 chunks of flesh
 f - 3 rations


   Skills:
 + Level 4.8(6.6) Fighting
 + Level 3.4 Axes
 * Level 1.4 Throwing
 + Level 3.1(4.5) Dodging
 + Level 3.3(4.6) Shields
 * Level 0.9(1.8) Invocations
 * Level 1.7(1.8) Evocations


You had 4 spell levels left.
You didn't know any spells.
Your spell library contained the following spells:

 Spells                   Type           Power        Failure   Level  Hunger
 Animate Skeleton         Necr           N/A          54%         1    #......
 Apportation              Tloc           #.....       54%         1    #......
 Corona                   Hex            #......      54%         1    #......
 Summon Small Mammal      Summ           #...         54%         1    #......


Dungeon Overview and Level Annotations

Branches:
Dungeon (4/10)             Temple (1/1) D:2

Altars:
Ashenzari
Cheibriados
Dithmenos
Fedhas
Gozag
Hepliaklqana
Kikubaaqudgha
Makhleb
Nemelex Xobeh
Okawaru
Qazlal
Sif Muna
Trog
Uskayaw
Wu Jian
Xom
Zin
The Shining One

Annotations:
D:4 Menkaure


Innate Abilities, Weirdness & Mutations

You are too large for most types of armour.
You have tough skin. (AC +1)


Message History

3 stones; a kobold corpse
There is a stone staircase leading down here.
You open the door.
There is an open door here.
Menkaure, Prince of Dust comes into view.
You feel a little less mighty now.
Menkaure calls on the powers of darkness!
Your body is wracked with pain!
You hit Menkaure.
Menkaure is lightly damaged.
Menkaure calls on the powers of darkness!
Your body is wracked with pain!
* * * LOW HITPOINT WARNING * * *
You completely miss Menkaure.
Menkaure is lightly damaged.
Menkaure misses you.
You barely miss Menkaure.
Menkaure is lightly damaged.
Menkaure hits you!!
You die...

.... #..##.. ....
##.##.# .... #.##.#
#..#.# ##+## #
##.#.#≈##≈≈≈## .#
#...#≈#≈≈#≈≈#≈.
##..#≈≈≈...≈≈ #..#
#..M.# # #..# #..@.#
#.########.###....#
#...........##....##
#.........>.'......#
#.)....(....##..^..#
#.############.....#
#.....# .####+# .


You could see Menkaure.

Vanquished Creatures
  2 orc priests (D:4)
  2 orc wizards
  3 adders
  5 worms
  A dart slug (D:1)
  3 leopard geckos
  4 orcs
  7 bats
  4 giant cockroaches
  5 hobgoblins
  2 jackals (D:2)
  4 frilled lizards (D:1)
  7 goblins
  7 kobolds
  3 rats
59 creatures vanquished.

Vanquished Creatures (collateral kills)
  A worm (D:2)
  A leopard gecko (D:2)
  A goblin (D:2)
  A hobgoblin (D:2)
  A rat (D:2)
5 creatures vanquished.

Grand Total: 64 creatures vanquished

Notes
Turn   | Place    | Note
-------+----------+-------------------------------------------
     0 | D:1      | Dorkslayer the Ogre Fighter began the quest for the Orb.
     0 | D:1      | Reached XP level 1. HP: 24/24 MP: 1/1
   254 | D:1      | Reached XP level 2. HP: 31/32 MP: 2/2
   432 | D:1      | Reached XP level 3. HP: 33/40 MP: 3/3
   853 | D:2      | Found a staircase to the Ecumenical Temple.
   867 | Temple   | Entered the Ecumenical Temple
   965 | Temple   | Became a worshipper of Warmaster Okawaru
  1010 | D:2      | Found a shimmering altar of Xom.
  1188 | D:2      | Reached skill level 1 in Evocations
  1191 | D:2      | Reached XP level 4. HP: 34/49 MP: 4/4
  1463 | D:2      | Found a shadowy altar of Dithmenos.
  1544 | D:2      | Found a hazy altar of Hepliaklqana.
  2018 | D:3      | Found a bloodstained altar of Trog.
  2025 | D:3      | Reached XP level 5. HP: 54/55 MP: 6/6
  2033 | D:3      | Reached skill level 1 in Throwing
  2153 | D:3      | Found a snail-covered altar of Cheibriados.
  2453 | D:3      | Found an opulent altar of Gozag.
  2619 | D:4      | Noticed Menkaure
  2625 | D:4      | Mangled by Menkaure

Levels and vault maps discovered:
D:1:      dpeg_arrival_leaves_temple_mockup, layout_basic
D:2:      layout_rooms, lemuel_crystal_altar, marbit_many_paths,
          kennysheep_little_box, minmay_temple_entry_statues,
          minmay_three_crescents
D:3:      layout_basic, lemuel_crystal_altar, lemuel_coloured_pillars_altar,
          trog_three_pillars_becter
D:4:      layout_basic, minmay_tree_intersection, minmay_manual_mullet,
          uniq_menkaure, uniq_robin
Temple:   regret_index_temple_generic_petals

Skill      XL: |  1  2  3  4  5 |
---------------+----------------+-----
Shields        | 3 |  3.3
Dodging        | 3 |  3.1
Evocations     | 1 |  1.7
Axes           | 3 |  3.4
Throwing       | 1 |  1.4
Fighting       | |  4.8
Invocations    | |  0.9

Action                   |  1- 3 |  4- 6 || total
-------------------------+-------+-------++-------
Melee: War axe           |   108 |    92 ||   200
Evoke: Box of beasts     |     1 |       ||     1
  Use: Potion            |       |     2 ||     2
 Stab: Sleeping          |     3 |     4 ||     7
  Eat: Chunk             |     1 |     5 ||     6
Armor: Robe              |    23 |    19 ||    42
Dodge: Dodged            |    56 |    22 ||    78
Block: Kite shield       |    64 |    43 ||   107
